[Event "45th FIDE Womens Olympiad 2024"]
[Site "Budapest"]
[Date "2024.09.16"]
[Round "6.70"]
[White "Li, Yunshan"]
[Black "De Rycke, Tyani"]
[Result "0-1"]
[ECO "E94"]
[WhiteElo "2268"]
[BlackElo "2110"]
[Annotator "TA"]
[PlyCount "97"]
[EventDate "2024.09.05"]
[EventType "team-tourn"]
[EventCountry "HUN"]
[SourceTitle "playchess.com"]
[Source "ChessBase"]
[SourceQuality "1"]
[WhiteTeam "Canada"]
[BlackTeam "Belgium"]
[WhiteTeamCountry "CAN"]
[BlackTeamCountry "BEL"]
[TimeControl "40/5400+30:1800+30"]

1. d4 Nf6 2. c4 g6 3. Nc3 Bg7 4. e4 d6 5. Nf3 Nbd7 6. Be2 O-O 7. O-O e5 8. Be3 c6 9. Qc2 Qe7 10. Rfd1 (10. d5 $16) 10... exd4 $11 11. Nxd4 Nc5 12. f3 a5 {[%cal Ba7a5,Ba5a4,Ba4a3][%mdl 32] White is slightly better.} 13. Nb3 Ne6 (13... Nfd7 $11 {was preferrable.}) 14. Qd2 $14 a4 15. Nd4 a3 16. b4 Rd8 17. Rac1 Nc7 (17... Nxd4 $14 18. Bxd4 Be6) 18. b5 Bd7 19. Nb3 Be6 20. Nd4 Bd7 21. Rb1 Ne6 22. Nxe6 Bxe6 23. Bg5 Rd7 24. bxc6 (24. Rbc1 $14) 24... bxc6 $11 25. Rb6 Rc8 26. Nb1 d5 27. e5 {[%mdl 8192] This costs White the game.} (27. cxd5 $11 {and White has nothing to worry.} cxd5 28. e5 Qc5+ 29. Qd4 Qxd4+ 30. Rxd4) 27... dxc4 $19 28. exf6 Rxd2 29. fxe7 Rxd1+ ({Worse is} 29... Rxe2 30. Rd8+ (30. Nxa3 Bd5 $16) (30. Nxa3 Bd5 $16)) 30. Bxd1 Bd4+ 31. Kf1 {[%cal Ob6c6] [#] Rxc6! is the strong threat.} Bxb6 32. Nxa3 Bc5 33. Nb1 f6 34. Bxf6 Kf7 35. Bc3 Bxe7 36. Ke2 Bf5 {Black is clearly winning.} 37. Nd2 Bd3+ 38. Ke3 Bc5+ 39. Kf4 {[#]} g5+ $1 40. Kxg5 (40. Kg3 Rd8) 40... Rg8+ 41. Kf4 Rxg2 42. h4 Be7 43. Ke3 Bxh4 {Hoping for ...Bf2+.} 44. f4 Bd8 45. Bh5+ Ke6 46. Kf3 Rg1 {And now ...Rc1 would win.} 47. Bd4 Rc1 {White must now prevent ...Ba5.} 48. Be8 Ba5 49. Ne4 {Weighted Error Value: White=0.61/Black=0.22 (precise) .  Loses game:     	White=1     	---        Mistake:       	White=1     	Black=2      Inaccurate:     	White=6     	Black=3      OK:         	White=12    	Black=19     Best:        	White=3     	Black=3} 0-1

[Event "45th FIDE Womens Olympiad 2024"]
[Site "Budapest"]
[Date "2024.09.16"]
[Round "6.71"]
[White "Dierckens, Sarah"]
[Black "Pham, Bich Ngoc"]
[Result "1/2-1/2"]
[ECO "B43"]
[WhiteElo "1943"]
[BlackElo "2199"]
[Annotator "TA"]
[PlyCount "64"]
[EventDate "2024.09.05"]
[EventType "team-tourn"]
[EventCountry "HUN"]
[SourceTitle "playchess.com"]
[Source "ChessBase"]
[SourceQuality "1"]
[WhiteTeam "Belgium"]
[BlackTeam "Canada"]
[WhiteTeamCountry "BEL"]
[BlackTeamCountry "CAN"]
[TimeControl "40/5400+30:1800+30"]

1. e4 c5 2. Nf3 e6 3. d4 cxd4 4. Nxd4 a6 5. Nc3 Qc7 6. Be3 Nf6 7. f3 b5 8. Be2 Bb7 9. Qd2 Nc6 10. Nxc6 Bxc6 11. Bf4 e5 12. Be3 (12. Bg5 $11) 12... b4 $15 13. Nd5 Bxd5 14. exd5 Bc5 15. Bxc5 Qxc5 16. d6 O-O 17. O-O-O Rfc8 18. Bd3 Rc6 (18... Qxd6 $2 {is the wrong capture.} 19. Bxh7+ Kxh7 20. Qxd6 $18) 19. Rhe1 Rac8 (19... Rxd6 $2 {perishes.} 20. Bxh7+ Kxh7 21. Qxd6 $18) 20. Qe3 Qxe3+ (20... Qa5 $15 {was preferrable.} 21. Kb1 Re8) 21. Rxe3 $11 {The position is equal.} e4 22. fxe4 {Threatens to win with e5.} ({Much weaker is} 22. Bxe4 Nxe4 23. Rxe4 Rxc2+ 24. Kb1 Rxg2 25. Rxb4 Rxh2 $15) 22... Ng4 23. Re2 {[%cal Be3e2,Be2d2,Bd2d6][%mdl 32] [#] e5 would now be deadly.} Ne5 24. Kb1 Rxd6 25. Red2 Rdc6 26. Be2 f6 27. Rd6 Rxc2 28. Bxa6 R8c7 29. R6d2 R2c5 30. Rd5 Rc2 31. R5d2 R2c5 32. Rd5 Rc2 {Weighted Error Value: White=0.07 (flawless) /Black=0.09 (flawless) .  Mistake:       	White=1     	Black=1      Inaccurate:     	White=1     	Black=1      OK:         	White=14    	Black=14     Best:        	White=1     	---} 1/2-1/2

[Event "45th FIDE Womens Olympiad 2024"]
[Site "Budapest"]
[Date "2024.09.16"]
[Round "6.72"]
[White "Golubeva, Oksana"]
[Black "Musabayeva, Diana"]
[Result "1-0"]
[ECO "E30"]
[WhiteElo "2119"]
[BlackElo "1911"]
[Annotator "NA"]
[PlyCount "131"]
[EventDate "2024.09.05"]
[EventType "team-tourn"]
[EventCountry "HUN"]
[SourceTitle "playchess.com"]
[Source "ChessBase"]
[SourceQuality "1"]
[WhiteTeam "Canada"]
[BlackTeam "Belgium"]
[WhiteTeamCountry "CAN"]
[BlackTeamCountry "BEL"]
[TimeControl "40/5400+30:1800+30"]

1. d4 Nf6 2. c4 e6 3. Nc3 Bb4 4. Bg5 h6 5. Bh4 O-O 6. e3 d5 7. Nf3 b6 8. cxd5 exd5 9. Rc1 Bb7 10. Bd3 Re8 11. O-O Nbd7 12. h3 Be7 13. Bg3 a6 14. Bb1 Rc8 15. Ne5 Bd6 16. f4 c5 17. Bh4 Be7 18. a4 Ne4 19. Nxe4 dxe4 20. Bxe7 Qxe7 21. Nxd7 Qxd7 22. dxc5 Qxd1 23. Rfxd1 Rxc5 24. Rxc5 bxc5 25. a5 Kf8 26. Rd6 Re6 27. Rd7 Re7 28. Rd8+ Re8 29. Rxe8+ Kxe8 30. Ba2 Ke7 31. Bc4 g6 32. Kf2 f6 33. Ke1 Kd6 34. Kd2 g5 35. g3 Bc8 36. Kc3 Kc6 37. h4 Kd6 38. Be2 Kc6 39. Bf1 Kd5 40. b3 Kc6 41. Bc4 Kd6 42. b4 Kc6 43. Bf7 Kd6 44. Kc4 cxb4 45. Kxb4 gxh4 46. gxh4 f5 47. Kc4 Bb7 48. Kd4 Bc6 49. Bc4 Bb7 50. Bf1 Bc8 51. Be2 Bb7 52. Bc4 Bc8 53. Bd5 Ke7 54. Ke5 Kf8 55. Be6 Bb7 56. Bxf5 Ke7 57. Bxe4 Bc8 58. Bd3 Bb7 59. f5 Kf8 60. Bc4 Ke7 61. Bd5 Bc8 62. Bc6 Kf7 63. e4 Ke7 64. h5 Kf7 65. Kd6 Kf8 66. Kc7 1-0

[Event "45th FIDE Womens Olympiad 2024"]
[Site "Budapest"]
[Date "2024.09.16"]
[Round "6.73"]
[White "Yao, Lan"]
[Black "Partac, Elena"]
[Result "1-0"]
[ECO "C42"]
[WhiteElo "2353"]
[BlackElo "2078"]
[Annotator "TA"]
[PlyCount "87"]
[EventDate "2024.09.05"]
[EventType "team-tourn"]
[EventCountry "HUN"]
[SourceTitle "playchess.com"]
[Source "ChessBase"]
[SourceQuality "1"]
[WhiteTeam "England"]
[BlackTeam "Moldova"]
[WhiteTeamCountry "ENG"]
[BlackTeamCountry "MDA"]
[TimeControl "40/5400+30:1800+30"]

1. e4 e5 2. Nf3 Nf6 3. Nxe5 d6 4. Nf3 Nxe4 5. d4 Be7 6. Bd3 Nf6 7. c4 O-O 8. h3 d5 9. c5 b6 10. cxb6 $1 {The position is equal.} axb6 11. O-O Ba6 12. Nc3 c5 13. Re1 Bxd3 14. Qxd3 Nc6 15. Bg5 c4 16. Qf5 Ra5 (16... g6 {simplifies} 17. Qc2 Ne8 18. Bxe7 Nxe7 19. b3 Rc8) 17. Rad1 {next Ne5 is good for White.} Bb4 18. Ne5 {Against Qd7} Qc8 19. Qf4 (19. Qxc8 {simplifies} Rxc8 20. Bxf6 gxf6 21. Nd7) 19... Nd7 {...f6 would now be deadly.} 20. Nxc6 Qxc6 21. Be7 $36 {[%mdl 2048] White has good play.} Bxe7 (21... Bxc3 $11 22. bxc3 Re8) 22. Rxe7 $16 Raa8 23. Rde1 Rac8 24. R1e3 Nf6 25. g4 Rce8 26. g5 {White is much more active.} Ne4 {[#]} 27. Nxe4 $1 dxe4 (27... Rxe7 $2 28. Nf6+ Kh8 (28... gxf6 $2 29. gxf6 $18) 29. Qh4 $18 (29. Rxe7 gxf6 30. gxf6 c3 $18)) 28. Qxe4 Qxe4 29. R3xe4 (29. R7xe4 Rd8 30. b3 cxb3 31. axb3 (31. Rxb3 Rd6 $15) 31... Rd5 $14) 29... Rxe7 30. Rxe7 {[%mdl 4096] Endgame. KR-KR} Rd8 31. Rc7 b5 32. Rc5 Kf8 33. d5 Rb8 34. Kg2 {Hoping for Kf3.} Ke8 {[#]} (34... Ke7 $16) 35. Kf3 $1 $18 Kd7 36. Ke4 Rb6 37. Kd4 f6 (37... h6 {was necessary.} 38. gxh6 gxh6) 38. gxf6 Rxf6 39. Rxb5 Rxf2 (39... Ra6 $142 40. Rb7+ (40. Kxc4 Rxa2 41. Kc5 Ra7 $18) 40... Kd6) 40. Kc5 c3 41. bxc3 Rxa2 42. Rb7+ Kc8 43. Rxg7 Ra5+ 44. Kd4 {Weighted Error Value: White=0.09 (flawless) /Black=0.44.  Mistake:       	---       	Black=4      Inaccurate:     	White=1     	Black=6      OK:         	White=15    	Black=7      Strong:       	White=1     	---} 1-0

[Event "45th FIDE Womens Olympiad 2024"]
[Site "Budapest"]
[Date "2024.09.16"]
[Round "6.74"]
[White "Verbin, Valentina"]
[Black "Houska, Jovanka"]
[Result "0-1"]
[ECO "B08"]
[WhiteElo "2071"]
[BlackElo "2333"]
[Annotator "TA"]
[PlyCount "52"]
[EventDate "2024.09.05"]
[EventType "team-tourn"]
[EventCountry "HUN"]
[SourceTitle "playchess.com"]
[Source "ChessBase"]
[SourceQuality "1"]
[WhiteTeam "Moldova"]
[BlackTeam "England"]
[WhiteTeamCountry "MDA"]
[BlackTeamCountry "ENG"]
[TimeControl "40/5400+30:1800+30"]

1. e4 c6 2. Nc3 g6 3. d4 Bg7 4. h3 d6 5. Nf3 Nf6 6. Be2 O-O 7. a4 Nbd7 8. O-O e5 9. dxe5 dxe5 10. Be3 Qe7 11. Bc4 Nc5 12. Nd2 Rd8 13. Qb1 Ne6 14. Ne2 (14. Re1 $11 {keeps the balance.}) 14... Nh5 (14... Nd5 $1 $17 {[%cal Rd5e3] aiming for ...Nxe3.} 15. Bxd5 (15. exd5 cxd5 16. Bd3 d4 $17) 15... cxd5 16. exd5 Rxd5) 15. Nf3 Nhf4 16. Nxf4 (16. Qa2 $11) 16... exf4 $15 17. Bc1 (17. Bxe6 $1 $15 fxe3 (17... Qxe6 18. Bxf4 Qxe4 19. Bg5 $15) 18. Bxc8) 17... Nd4 $1 $17 18. Ra3 g5 {Black has more active pieces.} (18... Qxe4 $6 19. Bxf7+ Kf8 20. Nxd4 Rxd4 21. Qa2 $11) 19. Re1 $2 {[#] Loses the game.} (19. Rd3 $17 {was called for.}) 19... Nxf3+ $1 $19 20. Rxf3 {[#]} Qb4 $1 21. Bxf4 gxf4 ({Not} 21... Qxc4 22. Bxg5 Re8 23. Qc1 $17) 22. Bb3 Be6 {Black is winning.} 23. Bxe6 fxe6 24. Rxf4 Qxb2 ({Weaker is} 24... Bxb2 25. Rf1 $19) 25. Qxb2 Bxb2 26. Rb1 Bg7 {Weighted Error Value: White=0.45/Black=0.11 (very precise) .  Loses game:     	White=1     	---        Mistake:       	White=3     	Black=1      OK:         	White=3     	Black=5      Strong:       	---       	Black=3} ({Much less strong is} 26... Be5 27. Rg4+ Kh8 28. f4 Bd4+ 29. Kh2 $19) 0-1

[Event "45th FIDE Womens Olympiad 2024"]
[Site "Budapest"]
[Date "2024.09.16"]
[Round "6.75"]
[White "Hunt, Harriet V"]
[Black "Mihailova, Alina"]
[Result "1-0"]
[ECO "C92"]
[WhiteElo "2304"]
[BlackElo "1969"]
[Annotator "TA"]
[PlyCount "113"]
[EventDate "2024.09.05"]
[EventType "team-tourn"]
[EventCountry "HUN"]
[SourceTitle "playchess.com"]
[Source "ChessBase"]
[SourceQuality "1"]
[WhiteTeam "England"]
[BlackTeam "Moldova"]
[WhiteTeamCountry "ENG"]
[BlackTeamCountry "MDA"]
[TimeControl "40/5400+30:1800+30"]

1. e4 e5 2. Nf3 Nc6 3. Bb5 a6 4. Ba4 Nf6 5. O-O Be7 6. Re1 b5 7. Bb3 d6 8. c3 O-O 9. h3 Bb7 10. d4 Re8 11. Nbd2 Bf8 12. a4 Na5 13. Bc2 exd4 14. cxd4 b4 {The position is equal.} 15. d5 g6 16. Nf1 Bg7 17. Bf4 Rb8 18. Rc1 Nd7 19. b3 Ne5 20. Nxe5 dxe5 21. Be3 c6 22. d6 Re6 23. Bc5 Bf8 24. Bxb4 {Black must now prevent Qd2.} Bxd6 25. Bc3 Qb6 26. Qf3 Bb4 (26... Nxb3 $2 27. Rb1 Qd8 28. Bxb3 $18 (28. Rxb3 Rf6 $18)) 27. Red1 Bxc3 (27... c5 {simplifies} 28. Bxb4 cxb4 29. Ne3 Rc8) 28. Rd7 Rf8 29. Qxc3 {aiming for b4.} c5 30. Ne3 {White is much more active.} Qb4 31. Qxb4 cxb4 {[#]} 32. Rcd1 (32. Bd1 $1 $16 {And now Rc5 would win.} Rc6 33. Rxc6 Bxc6 34. Ra7) 32... Bc8 (32... Rc8 $11) 33. R7d5 $16 {White stays focused until the end.} Nc6 34. Bd3 Nd4 35. Bc4 Re7 36. Rd6 Bb7 37. f3 (37. Bxa6 $6 Nxb3 38. Rb1 Nc5 $14) 37... a5 {[#]} (37... Kg7 $16 {was worth a try.} 38. Nd5 (38. Bxa6 Nxb3 39. Bc4 Nc5 $14) 38... Bxd5 39. exd5 (39. Bxd5 a5 $14) (39. Rxd5 f6 $16) 39... Ra8) 38. Ng4 $1 $18 Nc6 39. R1d5 Kg7 40. Rc5 h5 41. Ne3 Nd4 42. Rxa5 f5 43. exf5 gxf5 44. Nd5 Bxd5 45. Raxd5 f4 (45... Nc2 $142 46. a5 Ne3) 46. Rb6 Rf6 47. Rxf6 ({Don't take} 47. Rxb4 Rg6 48. Bd3 Rc6) 47... Kxf6 {[%mdl 4096] Endgame. KRB-KRN} 48. Rd6+ Kg5 49. a5 Rg7 50. Kf2 Nc2 51. Re6 Kf5 (51... Ne3 {was called for.} 52. g4 (52. Rxe5+ Kf6 $18) 52... Nxc4 53. bxc4 hxg4) 52. Re8 Ne3 53. Rf8+ Kg5 (53... Kg6 $142 54. Be2 Kg5) 54. Rg8 Nd1+ 55. Ke1 {White mates.} Rxg8 56. Bxg8 Nc3 57. Bc4 {Weighted Error Value: White=0.17 (very precise) /Black=0.47.  Mistake:       	White=1     	Black=5      Inaccurate:     	White=2     	Black=6      OK:         	White=21    	Black=12     Best:        	White=2     	---        Strong:       	White=1     	---} 1-0

[Event "45th FIDE Womens Olympiad 2024"]
[Site "Budapest"]
[Date "2024.09.16"]
[Round "6.76"]
[White "Petricenco, Ana"]
[Black "Sivanandan, Bodhana"]
[Result "1/2-1/2"]
[ECO "B12"]
[WhiteElo "1895"]
[BlackElo "2196"]
[Annotator "TA"]
[PlyCount "99"]
[EventDate "2024.09.05"]
[EventType "team-tourn"]
[EventCountry "HUN"]
[SourceTitle "playchess.com"]
[Source "ChessBase"]
[SourceQuality "1"]
[WhiteTeam "Moldova"]
[BlackTeam "England"]
[WhiteTeamCountry "MDA"]
[BlackTeamCountry "ENG"]
[TimeControl "40/5400+30:1800+30"]

1. e4 c6 2. d4 d5 3. e5 Bf5 4. Nf3 e6 5. Be2 c5 6. Be3 cxd4 7. Nxd4 Ne7 8. Nd2 Nbc6 9. N2f3 Bg4 10. c3 {The position is equal.} Bxf3 11. Nxf3 Nf5 12. Qd2 Qc7 13. Bb5 Nxe3 14. Qxe3 Be7 15. O-O O-O 16. Rfe1 Rfd8 17. h3 Rac8 18. Bd3 b6 (18... g6 $11) 19. Rad1 h6 20. Bb1 Bf8 21. Nd4 Nxd4 22. Qxd4 (22. cxd4 $14 Be7 23. f4) 22... Qc4 $11 23. Qxc4 Rxc4 24. Kf1 Rb8 25. Bd3 Rc7 {Black is weak on the light squares} 26. Ke2 b5 27. Rc1 a6 28. Rf1 Rbc8 29. Rcd1 Bc5 30. f4 Rd8 31. Rf3 Rcd7 32. Bc2 b4 33. Ba4 {[#] cxb4 is the strong threat.} Rc7 34. c4 d4 35. Kd3 f6 (35... Bb6 $14) 36. exf6 ({White should try} 36. f5 $16) 36... gxf6 $14 37. Re1 Kf7 38. Bd1 Rg8 {Prevents Rg3.} 39. g4 Rcc8 (39... Ke7 $11 {remains equal.}) 40. Rff1 (40. Rf2 $16) 40... Ke7 41. Bf3 Kd6 {Against Bd5} 42. Re2 Rce8 43. Rfe1 {[%cal Of3d5] Hoping for Bd5!} e5 44. f5 (44. Bd5 $16 Rgf8 45. h4) 44... Rg7 $11 45. Rg1 a5 46. h4 a4 47. h5 Ra7 {Black has an edge.} 48. Ra1 Rb8 49. Be4 Rg7 50. Bf3 {Weighted Error Value: White=0.13 (very precise) /Black=0.12 (very precise) .  Mistake:       	White=4     	Black=3      Inaccurate:     	White=2     	Black=3      OK:         	White=12    	Black=12     Best:        	White=1     	Black=2} 1/2-1/2

[Event "45th FIDE Womens Olympiad 2024"]
[Site "Budapest"]
[Date "2024.09.16"]
[Round "6.77"]
[White "Cramling, Pia"]
[Black "Pipiras, Filipa Fortuna"]
[Result "1-0"]
[ECO "E14"]
[WhiteElo "2425"]
[BlackElo "2187"]
[Annotator "TA"]
[PlyCount "155"]
[EventDate "2024.09.05"]
[EventType "team-tourn"]
[EventCountry "HUN"]
[SourceTitle "playchess.com"]
[Source "ChessBase"]
[SourceQuality "1"]
[WhiteTeam "Sweden"]
[BlackTeam "Portugal"]
[WhiteTeamCountry "SWE"]
[BlackTeamCountry "POR"]
[TimeControl "40/5400+30:1800+30"]

1. d4 d5 2. c4 e6 3. Nf3 Nf6 4. e3 b6 5. Bd3 Bd6 6. O-O O-O 7. Nbd2 Bb7 8. Qc2 c5 9. dxc5 bxc5 {The position is equal.} 10. e4 {[#] Black must now prevent e5.} Nc6 {...Nb4 is the strong threat.} 11. cxd5 exd5 12. exd5 Nb4 13. Qb1 Nxd3 14. Qxd3 Bxd5 15. Nc4 Be7 16. Bf4 Qd7 17. b3 Rad8 18. Rfe1 Rfe8 19. Be5 h6 20. Rac1 (20. Bc3 {with more complications.} Nh5 21. Nfe5 Qc8 22. Ba5) 20... Be6 {A strong pair of Bishops.} 21. Qxd7 Rxd7 22. Na5 Nd5 23. Nc6 Bf8 24. h3 Nb4 25. Nxb4 cxb4 26. Nd4 Bd5 27. Nb5 a5 ({Black should try} 27... Bb7 $15 28. Nc7 Ree7) 28. Nc7 $11 Red8 29. Nxd5 Rxd5 30. Bf4 {Inhibits Rd2.} Ra8 31. Re2 f6 32. g4 a4 33. bxa4 Rda5 34. Rcc2 Rxa4 {[%cal Ob4b3] [#] Hoping for ...b3!} 35. Be3 Ra3 36. Rb2 Rb8 37. Bf4 Rb7 38. Re3 {aiming for Rxa3.} Rba7 39. Rxa3 bxa3 {[%mdl 4096] Endgame. KRB-KRB} 40. Rb8 Rd7 {Dodges Bd6} 41. Kf1 Kf7 42. Ke2 {Against Rd1} Ra7 43. Rb5 Be7 44. Kd3 Rd7+ 45. Kc2 g5 46. Bd2 Rd4 47. Be3 Re4 48. Kd3 Ra4 49. Rb7 {Bc5 would now be deadly.} Ke6 50. Ra7 Rxa7 51. Bxa7 {With the idea Ke4. KB-KB} Kd5 52. Bd4 Bd8 53. Ba1 Be7 54. Bc3 Bd8 $2 {[%mdl 8192] A mistake that costs the game.} (54... Kc5 $14) 55. Bb4 $18 Bb6 56. f3 ({Less strong is} 56. Bxa3 Bxf2 57. Bb2 Ke6 $18) 56... Ke5 57. Bxa3 Kf4 58. Ke2 Kg3 59. Bf8 Kxh3 60. Bxh6 {White mates.} Kg3 61. Bf8 f5 62. Bd6+ f4 63. Be7 Kh4 64. Kd3 Ba5 65. Ke4 Bd2 66. a3 Bc1 67. Bb4 Be3 68. a4 Ba7 69. a5 Be3 70. Bd6 Ba7 71. Bc7 Kg3 72. Bd8 Kh4 73. Bb6 Bb8 74. a6 Kg3 75. a7 Bxa7 76. Bxa7 Kg2 77. Bc5 Kg3 78. Be7 {Weighted Error Value: White=0.05 (flawless) /Black=0.07 (flawless) .  Loses game:     	---       	Black=1      Mistake:       	---       	Black=1      Inaccurate:     	White=2     	Black=4      OK:         	White=16    	Black=19     Best:        	White=3     	Black=2} 1-0

[Event "45th FIDE Womens Olympiad 2024"]
[Site "Budapest"]
[Date "2024.09.16"]
[Round "6.78"]
[White "Silva, Ana Ines Teixeira Da"]
[Black "Agrest, Inna"]
[Result "0-1"]
[ECO "C47"]
[WhiteElo "1925"]
[BlackElo "2197"]
[Annotator "RC"]
[PlyCount "104"]
[EventDate "2024.09.05"]
[EventType "team-tourn"]
[EventCountry "HUN"]
[SourceTitle "playchess.com"]
[Source "ChessBase"]
[SourceQuality "1"]
[WhiteTeam "Portugal"]
[BlackTeam "Sweden"]
[WhiteTeamCountry "POR"]
[BlackTeamCountry "SWE"]
[TimeControl "40/5400+30:1800+30"]

1. e4 e5 2. Nf3 Nc6 3. Nc3 Nf6 4. d4 exd4 5. Nxd4 Bb4 6. Nxc6 bxc6 7. Bd3 O-O 8. O-O Re8 9. Bg5 h6 10. Bh4 Rb8 11. f4 Be7 12. b3 d6 13. h3 Nd7 14. Bf2 Bf6 15. Qd2 c5 16. Rae1 Bb7 17. Nd5 Bd4 18. c3 Bxf2+ 19. Rxf2 Bxd5 20. exd5 Nf6 21. Rfe2 Rxe2 22. Bxe2 Qd7 23. Bf3 a5 24. Kh2 Re8 25. Rxe8+ Qxe8 26. b4 Qb5 27. bxa5 Qxa5 28. Qb2 Nd7 29. Qe2 Kf8 30. Qd3 Qxa2 31. Qf5 Qa4 32. Bh5 Nf6 33. Qc8+ Qe8 34. Qxc7 Nxh5 35. Qxd6+ Kg8 36. Qxc5 Nxf4 37. d6 Qe4 38. Qc8+ Kh7 39. Qg4 f5 40. Qg3 Nh5 41. Qf3 Qxf3 42. gxf3 Nf6 43. Kg3 Kg6 44. Kf4 Nd7 45. h4 Kf6 46. h5 Ke6 47. c4 Nc5 48. d7 Nxd7 49. Ke3 Ke5 50. f4+ Kd6 51. Kd4 Nc5 52. Ke3 Ne6 0-1

[Event "45th FIDE Womens Olympiad 2024"]
[Site "Budapest"]
[Date "2024.09.16"]
[Round "6.79"]
[White "Valcu, Lavinia"]
[Black "Duque, Raquel Dos Santos"]
[Result "0-1"]
[ECO "E11"]
[WhiteElo "2076"]
[BlackElo "1913"]
[Annotator "NA"]
[PlyCount "74"]
[EventDate "2024.09.05"]
[EventType "team-tourn"]
[EventCountry "HUN"]
[SourceTitle "playchess.com"]
[Source "ChessBase"]
[SourceQuality "1"]
[WhiteTeam "Sweden"]
[BlackTeam "Portugal"]
[WhiteTeamCountry "SWE"]
[BlackTeamCountry "POR"]
[TimeControl "40/5400+30:1800+30"]

1. d4 Nf6 2. c4 e6 3. Nf3 Bb4+ 4. Bd2 Qe7 5. e3 O-O 6. Bd3 Bxd2+ 7. Qxd2 d6 8. Nc3 e5 9. Bc2 Bg4 10. Ng5 h6 11. Nge4 Nbd7 12. h3 Bh5 13. g4 Bg6 14. O-O-O Nxe4 15. Nxe4 exd4 16. Qxd4 Rfe8 17. Ng3 Bxc2 18. Kxc2 Qf6 19. Nf5 Qxd4 20. Rxd4 Ne5 21. b3 a5 22. Kc3 Kh7 23. h4 a4 24. b4 g6 25. Ng3 c5 26. Rxd6 Nxg4 27. Rf1 cxb4+ 28. Kxb4 Re7 29. Ne2 Rc7 30. c5 Rac8 31. Rd4 Ne5 32. Rd5 Rxc5 33. Rxc5 Nd3+ 34. Kxa4 Rxc5 35. Nd4 Rh5 36. Rb1 Rxh4 37. Rxb7 Nc5+ 0-1

[Event "45th FIDE Womens Olympiad 2024"]
[Site "Budapest"]
[Date "2024.09.16"]
[Round "6.80"]
[White "Avelino, Camila Biscaya"]
[Black "Zaritovskaja, Margarita"]
[Result "1-0"]
[ECO "B87"]
[WhiteElo "1843"]
[BlackElo "2009"]
[Annotator "NA"]
[PlyCount "87"]
[EventDate "2024.09.05"]
[EventType "team-tourn"]
[EventCountry "HUN"]
[SourceTitle "playchess.com"]
[Source "ChessBase"]
[SourceQuality "1"]
[WhiteTeam "Portugal"]
[BlackTeam "Sweden"]
[WhiteTeamCountry "POR"]
[BlackTeamCountry "SWE"]
[TimeControl "40/5400+30:1800+30"]

1. e4 c5 2. Nf3 d6 3. d4 cxd4 4. Nxd4 Nf6 5. Nc3 a6 6. Bc4 e6 7. Bb3 b5 8. O-O Be7 9. Qf3 Qc7 10. Re1 O-O 11. Qg3 Nc6 12. Nxc6 Qxc6 13. Bh6 Ne8 14. Nd5 Bd8 15. Be3 Bb7 16. Bd4 Qd7 17. Nb6 Bxb6 18. Bxb6 Nf6 19. Bd4 e5 20. Be3 Nxe4 21. Qh4 Qf5 22. c4 bxc4 23. Bxc4 Qg6 24. Bd3 f5 25. f3 Nf6 26. Qg5 Qxg5 27. Bxg5 Rac8 28. Bxf5 Rc5 29. Rad1 Rd8 30. Rc1 Rxc1 31. Rxc1 Bd5 32. b3 h6 33. Bh4 g5 34. Be1 Nh5 35. Rc8 Rxc8 36. Bxc8 Nf4 37. Bxa6 g4 38. Bb4 gxf3 39. gxf3 Bxf3 40. Bxd6 Nh3+ 41. Kf1 e4 42. Be2 Ng5 43. Bxf3 exf3 44. Bf4 1-0